 Dungeon Crawl Stone Soup version 0.31-a0-237-g2d982f9f85 (webtiles) character file.

Game seed: 9867856565786127138

380 Demosthentine the Ducker (level 6, -8/48 HPs)
             Began as a Demonspawn Gladiator on July 12, 2023.
             Killed by divine providence
             ... invoked by an orc priest
              (14 damage)
             ... on level 3 of the Dungeon.
             The game lasted 00:02:04 (1939 turns).

Demosthentine the Ducker (Demonspawn Gladiator)     Turns: 1939, Time: 00:02:04

Health: -8/48      AC:  3    Str: 16    XL:     6   Next: 46%
Magic:  6/6        EV: 18    Int:  9    God:
Gold:   642        SH:  0    Dex: 15    Spells: 5/5 levels left

rFire   . . .        a - +0 trident
rCold   . . .        (no shield)
rNeg    . . .        b - +0 leather armour
rPois   .            (helmet restricted)
rElec   .            (no cloak)
rCorr   .            (no gloves)
SInv    .            (no boots)
Will    .....        (no amulet)
Stlth   +            f - +5 ring of evasion
HPRegen 0.28/turn    (no ring)
MPRegen 0.10/turn

%: no passive effects
@: lethally poisoned (-8 -> -11), hasted, very quick
A: hooves 1, horns 1, powered by death 3
a: no special abilities


You were on level 3 of the Dungeon.
You visited 1 branch of the dungeon, and saw 3 of its levels.

You collected 642 gold pieces.

Inventory:

Hand Weapons
 a - a +0 trident (weapon)
Missiles
 d - 4 throwing nets (quivered)
 e - a javelin
Armour
 b - a +0 leather armour (worn)
Jewellery
 f - a +5 ring of evasion (left hand)
Wands
 c - a wand of polymorph (5)
 q - a wand of flame (16)
Scrolls
 j - 3 scrolls of fog
 k - a scroll of identify
Potions
 h - a potion of mutation {unknown}
 i - a potion of resistance {unknown}
 l - a potion of heal wounds {unknown}
 m - a potion of cancellation {unknown}
 p - a potion of haste


   Skills:
 + Level 3.8 Fighting
 + Level 4.0 Polearms
 - Level 1.7 Throwing
 + Level 2.7 Armour
 + Level 4.0 Dodging


You had 5 spell levels left.
You didn't know any spells.
Your spell library contained the following spells:

 Spells                   Type           Power      Damage    Failure   Level
 Lesser Beckoning         Tloc           0%         N/A       58%         2
 Poisonous Vapours        Pois/Air       0%         N/A       58%         2
 Gell's Gravitas          Tloc           0%         N/A       82%         3
 Mephitic Cloud           Conj/Pois/Air  0%         N/A       82%         3
 Summon Guardian Golem    Hex/Summ       0%         N/A       82%         3
 Teleport Other           Tloc           0%         N/A       82%         3
 Freezing Cloud           Conj/Ice/Air   0%         6-21      100%        5
 Orb of Destruction       Conj           0%         9d5       100%        7
 Spellforged Servitor     Conj/Summ      0%         N/A       100%        7


Dungeon Overview and Level Annotations

Branches:
Dungeon (3/15)

Altars:


Innate Abilities, Weirdness & Mutations

You have large cloven feet.
You have a pair of small horns on your head.
You regenerate a lot of health from kills.


Message History

Deactivating autopickup; reactivate with Ctrl-A.
The orc priest invokes the aid of Beogh against you.
Beogh smites you! The adder completely misses you.
Unknown command.
The adder attacks as you move away! The adder bites you. The adder misses you.
The orc priest mumbles some strange prayers to Beogh against you.
Beogh smites you!
Unknown command.
Unknown command.
Unknown command.
The adder attacks as you move away! The adder barely misses you.
The adder misses you.
Unknown command.
The adder attacks as you move away! The adder bites you.
Unknown command.
Unknown command.
You closely miss the adder. Your headbutt misses the adder.
The adder is heavily wounded.
The adder bites you but does no damage. The adder misses you.
You barely miss the adder.
The adder is heavily wounded.
The adder closely misses you.
You closely miss the adder.
The adder is heavily wounded.
The adder misses you.
You miss the adder. Your headbutt misses the adder.
The adder is heavily wounded.
The adder bites you.
The orc priest calls down the wrath of Beogh upon you.
Beogh smites you!
* * * LOW HITPOINT WARNING * * *
The adder bites you.
* * * LOW HITPOINT WARNING * * *
You are poisoned.
The adder poisons you!
It was a potion of haste.
You feel yourself speed up.
You feel sick. The adder barely misses you.
The orc priest invokes the aid of Beogh against you.
Beogh smites you!
You die...

.#..##.#
#..........#
.##.##.#
#....ooo...#
.......#
#....o.....#
..#.####
###o########
..#.#### #.o.#
..#....#
###.###
..####.###
#..o# #.#
#...#######S#
#
###..[.####@##
# ####....#..#
#######.##.##
#.......##..#
#.......###.##
#............#
#...........>#
#.......######
#.......#


You could see an orc priest, an orc wizard, an adder and an orc.

Vanquished Creatures
  Sigmund (D:3)
  An orc wizard (D:3)
  Natasha (thrice) (D:2)
  Robin (D:2)
  2 adders
  3 orcs (D:3)
  3 ball pythons (D:1)
  7 endoplasms
  3 giant cockroaches (D:1)
  6 hobgoblins
  3 jackals (D:1)
  7 kobolds
  2 quokkas (D:1)
  5 bats
  3 frilled lizards (D:1)
  21 goblins
  3 rats
74 creatures vanquished.

Notes
Turn   | Place    | Note
-------+----------+-------------------------------------------
     0 | D:1      | Demosthentine the Demonspawn Gladiator began the quest for
                  | the Orb.
     0 | D:1      | Reached XP level 1. HP: 16/16 MP: 1/1
   154 | D:1      | Discovered your monstrous ancestry.
   154 | D:1      | Gained mutation: You have large cloven feet. [demonic
                  | ancestry]
   154 | D:1      | Reached XP level 2. HP: 20/22 MP: 2/2
   626 | D:1      | Reached skill level 1 in Armour
   632 | D:1      | Gained mutation: You regenerate a little health from kills.
                  | [demonic ancestry]
   632 | D:1      | Reached XP level 3. HP: 11/28 MP: 3/3
   827 | D:2      | Noticed Natasha
   835 | D:2      | Killed Natasha
   860 | D:2      | Noticed Robin
   862 | D:2      | Gained mutation: You regenerate health from kills. [demonic
                  | ancestry]
   862 | D:2      | Reached XP level 4. HP: 34/34 MP: 4/4
   893 | D:2      | Killed Robin
  1162 | D:2      | Noticed Natasha
  1169 | D:2      | Killed Natasha
  1317 | D:2      | Noticed Natasha
  1328 | D:2      | Killed Natasha
  1329 | D:2      | Gained mutation: You have a pair of small horns on your
                  | head. [demonic ancestry]
  1329 | D:2      | Reached XP level 5. HP: 36/41 MP: 5/5
  1442 | D:2      | Identified a scroll of acquirement
  1442 | D:2      | Acquired 536 gold pieces
  1664 | D:3      | Found a faded altar of an unknown god.
  1793 | D:3      | Noticed Sigmund
  1815 | D:3      | Killed Sigmund
  1816 | D:3      | Gained mutation: You regenerate a lot of health from kills.
                  | [demonic ancestry]
  1816 | D:3      | Reached XP level 6. HP: 35/48 MP: 6/6
  1899 | D:3      | Identified the +4 scale mail "Quunaw" {+Inv Int+4 Dex-3}
  1939 | D:3      | Killed from afar by an orc priest

Illustrated notes

Levels and vault maps discovered:
D:1:      saegor_arrival_simple_e, layout_rooms, grunt_decor_resistance,
          minmay_circled_x
D:2:      layout_loops_ring, uniq_robin, uniq_natasha
D:3:      layout_basic, hellmonk_ecumenical_altar_prayer_group, uniq_terence,
          uniq_sigmund

Skill      XL: |  1  2  3  4  5 |
---------------+----------------+-----
Dodging        | 3 4 |  4.0
Polearms       | 3 4 |  4.0
Armour         | 1 2 |  2.7
Fighting       | 3 |  3.8
Throwing       | |  1.7

Action                     |  1- 3 |  4- 6 || total
---------------------------+-------+-------++-------
  Melee: Trident           |   106 |   129 ||   235
         Kick              |    16 |    32 ||    48
         Punch             |       |     2 ||     2
         Headbutt          |       |     3 ||     3
    Use: Scroll            |     4 |     3 ||     7
         Potion            |       |     3 ||     3
   Stab: Sleeping          |       |     1 ||     1
 Armour: Leather armour    |    24 |    32 ||    56
  Dodge: Dodged            |    64 |   104 ||   168

Table legend: (Time is in decaauts)
 A = Elapsed time spent in this place.
 B = Non-inter-level travel time spent in this place.
 C = Inter-level travel time spent in this place.
 D = Time resting spent in this place.
 E = Time spent auto-exploring this place.
 F = Levels seen in this place.
 G = Mean time per level.
                   A        B        C        D        E       F      G
               +--------+--------+--------+--------+--------+-----+--------+
         Total |   1979 |   1946 |     33 |      0 |   1476 |   3 |  659.7 |
       Dungeon |   1979 |   1946 |     33 |      0 |   1476 |   3 |  659.7 |
               +--------+--------+--------+--------+--------+-----+--------+

Top non-repeatable levels by time:
     D:1: 766 daAuts
     D:2: 727 daAuts
     D:3: 486 daAuts
